 Dungeon Crawl Stone Soup version 0.22-a0-181-gb22368a (webtiles) character file.

3343 Azzok the Fighter (level 10, -4/69 HPs)
             Began as a Gargoyle Berserker on Feb 14, 2018.
             Was a High Priest of Trog.
             Slain by a death yak (10 damage)
             ... on level 8 of the Dungeon.
             The game lasted 00:12:08 (5938 turns).

Azzok the Fighter (Gargoyle Berserker)              Turns: 5938, Time: 00:12:08

Health: -4/69      AC: 21    Str: 25    XL:     10   Next: 2%
Magic:  10/10      EV: 10    Int:  7    God:    Trog [*****.]
Gold:   310        SH:  0    Dex:  9    Spells: 9/9 levels left

rFire    . . .     SeeInvis .   q - +2 quarterstaff (chaos)
rCold    . . .     Gourm    .   (shield currently unavailable)
rNeg     + . .     Faith    +   K - +0 plate armour
rPois    ∞         Spirit   .   y - +0 helmet
rElec    +         Reflect  .   r - +1 cloak
rCorr    .         Harm     .   (no gloves)
MR       +....                  (no boots)
Stlth    ..........             H - amulet of faith
HPRegen  0.21/turn              E - ring of protection from magic
MPRegen  0.12/turn              m - +3 ring of evasion

@: berserk cooldown, slowed, very slow
A: negative energy resistance 1, electricity resistance, unbreathing,
petrification resistance, rot immunity, AC +7
a: Berserk, Trog's Hand, Brothers in Arms, Burn Spellbooks, Renounce Religion


You were on level 8 of the Dungeon.
You worshipped Trog.
Trog was extremely pleased with you.
You were not hungry.

You visited 1 branch of the dungeon, and saw 8 of its levels.
You also visited: Sewer.

You collected 310 gold pieces.

Inventory:

Hand Weapons
 a - a +0 falchion
 q - a +2 quarterstaff of chaos (weapon)
 D - a +0 shortbow
Missiles
 t - 144 arrows
Armour
 r - a +1 cloak (worn)
 y - a +0 helmet (worn)
 K - a +0 plate armour (worn)
Jewellery
 f - an uncursed ring of fire {unknown}
 m - a +3 ring of evasion (right hand)
 E - a ring of protection from magic (left hand)
 H - an amulet of faith (around neck)
 J - an uncursed ring of protection from cold
Wands
 d - a wand of digging (4)
 A - a wand of paralysis (14)
 C - a wand of random effects (25)
Scrolls
 e - a scroll of fear {unknown}
 g - 4 scrolls of remove curse
 h - 6 scrolls of identify
 j - 2 scrolls of enchant armour {unknown}
 l - 2 scrolls of noise {unknown}
 v - 3 scrolls of magic mapping {unknown}
 w - 4 scrolls of teleportation {unknown}
 x - a scroll of fog {unknown}
 B - 5 scrolls of enchant weapon {unknown}
 F - 2 scrolls of amnesia {unknown}
 G - 2 scrolls of blinking {unknown}
Potions
 b - 3 potions of flight {unknown}
 i - 4 potions of haste {unknown}
 k - a potion of invisibility {unknown}
 n - 7 potions of curing {unknown}
 o - a potion of cancellation {unknown}
 p - 2 potions of magic {unknown}
 s - a potion of degeneration {unknown}
 u - 3 potions of mutation {unknown}
 z - 4 potions of heal wounds {unknown}
Books
 L - a book of Battle

   Spells                             Type                      Level
   a - Infusion                       Charms                       1
   b - Shroud of Golubria             Charms/Translocation         2
   c - Song of Slaying                Charms                       2
   d - Spectral Weapon                Hexes/Charms                 3
   e - Regeneration                   Charms/Necromancy            3
   Trog disapproves of the use of such an item.
Comestibles
 c - 13 rations
 I - 6 chunks of flesh


   Skills:
 - Level 11.1 Fighting
 - Level 2.6 Long Blades
 + Level 9.7 Bows
 - Level 2.1 Armour
 - Level 1.5 Dodging


You had 9 spell levels left.
You didn't know any spells.

Dungeon Overview and Level Annotations

Branches:
Dungeon (8/15)             Temple (0/1) D:6
   Lair: D:8-11

Altars:
Elyvilon
Nemelex Xobeh
Okawaru
Qazlal
The Shining One

Shops:
D:5 }   D:8 [*

Annotations:
D:6 Prince Ribbit


Innate Abilities, Weirdness & Mutations

You are resistant to torment.
Your stone body is resilient. (AC +7)
You are immune to poison.
You resist negative energy. (rN+)
You are resistant to electric shocks. (rElec)
You can survive without breathing.
You are immune to petrification.
You are immune to rotting.


Message History

You barely miss something. Something gores you!
You closely miss something. Something gores you!
You hit something. You freeze something.
Something gores you but does no damage.
You completely miss something. Something gores you!
You barely miss something. Something gores you!
You closely miss something. Something gores you but does no damage.
You hit something. You burn something. Something gores you!!
* * * LOW HITPOINT WARNING * * *
You are too berserk!
You are no longer berserk.
You are exhausted.
You feel yourself slow down.
You see here 22 stones.
As you read the scroll labeled DUIFUA QUSIG, it crumbles to dust.
You feel blessed for a moment.
It was a scroll of remove curse.
Something gores you!
* * * LOW HITPOINT WARNING * * *
Something gores you!
You die...

··▒▒▒▒▒▒
▒▒▒▒···(·s▒▒··▒
)·······
········s····▒
)▒▒▒▒▒▒▒
▒▒▒▒▒▒▒Y▒▒▒▒▒▒
[▒ ▒Y▒ ·▒ ▒o▒
·▒ ▒Y▒ ·▒▒▒▒▒▒
▒Y▒ ······▒ ▒·▒
▒▒▒▒▒·▒ ▒@▒ ▒·▒
▒·▒ ▒·▒ ▒·▒
▒·▒▒▒▒▒▒▒▒▒▒·▒
▒············▒
▒▒▒▒▒▒▒▒▒▒▒▒▒▒


You could see 4 death yaks, a scorpion and an orc wizard.

Vanquished Creatures
  Joseph (D:7)
  Sigmund (D:3)
  Menkaure (D:6)
  Purgy (Sewer)
  An orc warrior (D:7)
  An ice beast (D:8)
  A phantom (D:4)
  6 ogres
  A centaur (D:5)
  A bullfrog (D:7)
  A water moccasin skeleton (D:7)
  5 killer bees (D:7)
  5 howler monkeys
  4 crimson imps
  A jelly (D:5)
  2 bullfrog zombies
  5 hounds
  4 orc priests
  A bullfrog skeleton (D:4)
  Crazy Yiuf (D:3)
  Natasha (thrice) (D:2)
  Terence (D:3)
  4 orc wizards
  2 iguanas
  6 worker ants
  A hound zombie (D:6)
  A hound skeleton (D:5)
  3 gnolls (D:3)
  A river rat (D:6)
  9 adders
  2 oozes
  An adder skeleton (D:4)
  3 worms
  2 dart slugs
  2 leopard geckos
  22 orcs
  A ball python (Sewer)
  7 giant cockroaches
  3 goblins
  5 hobgoblins
  10 jackals
  3 quokkas
  9 bats
  9 frilled lizards
  10 kobolds
  10 rats
174 creatures vanquished.

Vanquished Creatures (others)
  2 fungi (D:6)
2 creatures vanquished.

Grand Total: 176 creatures vanquished

Notes
Turn   | Place    | Note
-------+----------+-------------------------------------------
     0 | D:1      | Azzok the Gargoyle Berserker began the quest for the Orb.
     0 | D:1      | Reached XP level 1. HP: 14/14 MP: 1/1
   140 | D:1      | Reached XP level 2. HP: 19/20 MP: 2/2
   194 | D:1      | Reached skill level 4 in Fighting
   553 | D:2      | Reached ** piety under Trog
   553 | D:2      | Reached XP level 3. HP: 22/24 MP: 3/3
   842 | D:2      | Reached skill level 5 in Fighting
   977 | D:2      | Found a sparkling altar of Nemelex Xobeh.
   981 | D:2      | Noticed Natasha
  1001 | D:2      | Killed Natasha
  1001 | D:2      | Reached XP level 4. HP: 28/31 MP: 4/4
  1177 | D:2      | Noticed Natasha
  1184 | D:2      | Killed Natasha
  1184 | D:2      | Reached skill level 6 in Fighting
  1344 | D:2      | Noticed Natasha
  1354 | D:2      | Killed Natasha
  1354 | D:2      | Reached XP level 5. HP: 28/36 MP: 5/5
  1390 | D:2      | Found a glowing golden altar of the Shining One.
  1707 | D:3      | Noticed Terence
  1718 | D:3      | Killed Terence
  1750 | D:3      | Found a runed door.
  1870 | D:3      | Noticed Crazy Yiuf
  1873 | D:3      | Killed Crazy Yiuf
  1962 | D:3      | Noticed Sigmund
  1979 | D:3      | Reached skill level 7 in Fighting
  1987 | D:3      | Reached XP level 6. HP: 44/44 MP: 6/6
  2026 | D:3      | Killed Sigmund
  2026 | D:3      | Reached skill level 8 in Fighting
  2363 | D:4      | Reached XP level 7. HP: 42/50 MP: 7/7
  2465 | D:4      | Reached skill level 9 in Fighting
  2515 | D:4      | Reached *** piety under Trog
  2681 | D:4      | Reached skill level 10 in Fighting
  2842 | D:4      | Reached XP level 8. HP: 42/58 MP: 8/8
  3259 | D:5      | Entered Level 5 of the Dungeon
  3311 | D:5      | Found Buymanwu's Gadget Shoppe.
  3582 | D:5      | Reached skill level 11 in Fighting
  4059 | D:6      | Found an iron altar of Okawaru.
  4154 | D:6      | Found a glowing drain.
  4158 | Sewer    | Entered a sewer
  4199 | Sewer    | Noticed Purgy
  4207 | Sewer    | Killed Purgy
  4262 | Sewer    | Reached **** piety under Trog
  4427 | D:6      | Noticed Prince Ribbit
  4509 | D:6      | Found a white marble altar of Elyvilon.
  4510 | D:6      | Found a stormy altar of Qazlal.
  4620 | D:6      | Noticed Menkaure
  4627 | D:6      | Killed Menkaure
  4627 | D:6      | Reached XP level 9. HP: 64/64 MP: 9/9
  4628 | D:6      | Reached skill level 5 in Bows
  4784 | D:6      | Found a staircase to the Ecumenical Temple.
  5013 | D:7      | Noticed Joseph
  5022 | D:7      | Killed Joseph
  5134 | D:7      | Received a gift from Trog
  5689 | D:8      | Found Ravipp's General Store.
  5720 | D:8      | Found Reemeic's Antique Armour Shop.
  5830 | D:8      | Received a gift from Trog
  5910 | D:8      | Noticed a death yak
  5919 | D:8      | Reached ***** piety under Trog
  5919 | D:8      | Reached XP level 10. HP: 69/69 MP: 10/10
  5923 | D:8      | Noticed a death yak
  5926 | D:8      | Noticed a death yak
  5926 | D:8      | Noticed a death yak
  5927 | D:8      | Noticed a death yak
  5938 | D:8      | Slain by a death yak

Vault maps used:
D:1:      lightli_iron_boxes, serial_forest, infiniplex_forest_straight_3,
          infiniplex_forest_straight_2, infiniplex_forest_zigzag_1,
          infiniplex_forest_diagonal, infiniplex_forest_lined_room_2,
          infiniplex_forest_clump_small
D:2:      nemelex_xobeh_ov_fountains_minmay, tso_altar, uniq_natasha
D:3:      uniq_crazy_yiuf_cottage, uniq_sigmund, uniq_terence
D:4:      solitary_fountain
D:5:      first_ration, serial_shops, shop, st_stairs_6
D:6:      grunt_temple_overflow_open, temple_statues, gup_sewer_entry_bowl,
          serial_aquarium, aquarium_bridge_island_small, aquarium_window_1,
          aquarium_window_corridor_1, aquarium_window_1, aquarium_view_2c,
          okawaru_metal_pillars_1_2, uniq_menkaure, uniq_prince_ribbit1
D:7:      uniq_joseph
D:8:      dpeg_lair_monsters, serial_shops, shop, shop
Sewer:    sewer_co_purgy_island

Skill      XL: |  1  2  3  4  5  6  7  8  9 |
---------------+----------------------------+-----
Fighting       | 4 5 6 7 8 10 11 | 11.1
Bows           | 4 9 |  9.7
Long Blades    | |  2.6
Armour         | |  2.1
Dodging        | |  1.5

Action                   |  1- 3 |  4- 6 |  7- 9 | 10-12 || total
-------------------------+-------+-------+-------+-------++-------
Melee: Falchion          |   114 |    43 |       |       ||   157
       Quarterstaff      |       |    32 |   395 |    14 ||   441
Invok: Berserk           |     1 |     1 |     4 |     1 ||     7
  Use: Scroll            |       |       |     2 |     1 ||     3
 Stab: Paralysed         |       |     1 |     6 |       ||     7
  Eat: Chunk             |       |     7 |    17 |       ||    24
Armor: Scale mail        |    70 |    30 |   113 |       ||   213
       Animal skin       |     2 |       |       |       ||     2
       Plate armour      |       |       |   136 |     5 ||   141
Dodge: Dodged            |    77 |    48 |   287 |       ||   412
       Rpst.: Falchion   |    30 |     8 |       |       ||    38

Table legend:
 A = Spawn XP
 B = Non-spawn XP
 C = Spawn XP percentage of total XP
 D = Spawn monster count
 E = Non-spawn monster count
 F = Spawn count percentage of total count
 G = Total turns spent on level
                    A         B        C        D         E        F      G
               +---------+---------+-------+---------+---------+-------+---------
         Total |       0 |    4776 |   0.0 |       0 |     174 |   0.0 |  5938
               +---------+---------+-------+---------+---------+-------+---------
           D:1 |       0 |      25 |   0.0 |       0 |      18 |   0.0 |   524
           D:2 |       0 |     166 |   0.0 |       0 |      22 |   0.0 |   982
           D:3 |       0 |     374 |   0.0 |       0 |      21 |   0.0 |   846
           D:4 |       0 |     801 |   0.0 |       0 |      21 |   0.0 |   907
           D:5 |       0 |     554 |   0.0 |       0 |      20 |   0.0 |   777
           D:6 |       0 |     473 |   0.0 |       0 |      15 |   0.0 |   740
           D:7 |       0 |    1817 |   0.0 |       0 |      34 |   0.0 |   645
           D:8 |       0 |     408 |   0.0 |       0 |      15 |   0.0 |   372
         Sewer |       0 |     158 |   0.0 |       0 |       8 |   0.0 |   145
               +---------+---------+-------+---------+---------+-------+---------
